 Dungeon Crawl Stone Soup version 0.29-a0-923-g6e406bff71 (webtiles) character file.

Game seed: 10653196346556499665

184 freelancePsychic the Gusty (level 5, -4/26 HPs)
             Began as a Vine Stalker Air Elementalist on July 27, 2022.
             Killed by an exploding ogre (29 damage)
             ... ignited by their inner flame
             ... on level 4 of the Dungeon.
             The game lasted 00:05:56 (3948 turns).

freelancePsychic the Gusty (VSAE)                   Turns: 3948, Time: 00:05:56

Health: -4/26      AC:  3    Str: 10    XL:     5   Next: 64%
Magic:  0/10       EV: 12    Int: 17    God:
Gold:   198        SH:  0    Dex: 15    Spells: 2/9 levels left

rFire   . . .      SeeInvis .   g - +0 dagger (freeze)
rCold   + . .      Faith    .   (no shield)
rNeg    . . .      Spirit   +   a - +0 robe
rPois   .          Reflect  .   c - +0 helmet
rElec   .          Harm     .   (no cloak)
rCorr   +          Rampage  .   (no gloves)
Will    .....                   (no boots)
Stlth   +++.......              (no amulet)
HPRegen 0.88/turn               j - ring of protection from cold
MPRegen 0.12/turn               k - ring of resist corrosion

@: no status effects
A: fangs 2, regeneration 1, magic shield, antimagic bite, no potion heal 2
a: no special abilities


You were on level 4 of the Dungeon.
You visited 1 branch of the dungeon, and saw 4 of its levels.

You collected 198 gold pieces.

Inventory:

Hand Weapons
 d - a +0 whip
 g - a +0 dagger of freezing (weapon)
Armour
 a - a +0 robe (worn)
 c - a +0 helmet (worn)
 i - a scarf of invisibility
Jewellery
 j - a ring of protection from cold (left hand)
 k - a ring of resist corrosion (right hand)
Scrolls
 f - 2 scrolls of teleportation {@r4}
 h - 3 scrolls of blinking
 l - a scroll of silence
 q - a scroll of enchant weapon
Potions
 b - a potion of magic
 e - 3 potions of curing {unknown}
 m - a potion of heal wounds {unknown}
 n - a potion of might {unknown}
 p - 2 potions of berserk rage {unknown}


   Skills:
 + Level 2.0 Fighting
 - Level 1.5 Dodging
 + Level 4.1 Stealth
 + Level 2.6 Spellcasting
 - Level 1.8 Conjurations
 * Level 4.3 Air Magic


You had 2 spell levels left.
You knew the following spells:

 Your Spells              Type           Power      Damage    Failure   Level
a - Shock                 Conj/Air       48%        1d6       4%          1
b - Static Discharge      Conj/Air       12%        3-5/arc   8%          2
c - Airstrike             Air            8%         0-4+      30%         4

Your spell library contained the following spells:

 Spells                   Type           Power      Damage    Failure   Level
 Foxfire                  Conj/Fire      20%        2x1d5     12%         1
 Beastly Appendage        Tmut           4%         N/A       19%         1
 Wereblood                Tmut           2%         N/A       26%         2
 Swiftness                Air            16%        N/A       10%         3
 Conjure Flame            Conj/Fire      5%         6-21      36%         3
 Inner Flame              Hex/Fire       2%         N/A       47%         3
 Spider Form              Tmut/Pois      2%         N/A       47%         3
 Summon Lightning Spire   Summ/Air       9%         N/A       58%         4
 Corpse Rot               Necr/Pois/Air  7%         N/A       69%         4
 Flame Wave               Conj/Fire      5%         2d5       77%         4
 Lightning Bolt           Conj/Air       6%         1d18      80%         5
 Dispel Undead            Necr           2%         3d7       87%         4
 Death Channel            Necr           1%         N/A       100%        6


Dungeon Overview and Level Annotations

Branches:
Dungeon (4/15)
 Temple: D:4-7

Altars:

Shops:
D:3 (((


Innate Abilities, Weirdness & Mutations

You have extremely sharp teeth.
Your natural rate of healing is unusually fast.
When hurt, damage is shared between your health and your magic reserves.
Your bite disrupts and absorbs the magic of your enemies.
Potions cannot restore your health.


Message History

You start memorising the spell.
You continue memorising.
Your magical contamination has completely faded away.
You continue memorising. x3
You finish memorising.
Spell assigned to 'c'.
You now have 198 gold pieces (gained 14).
h - 3 scrolls of blinking (gained 1)
You open the door. You open the door.
A giant cockroach comes into view.
The zap hits the giant cockroach.
The giant cockroach is almost dead.
The zap misses the giant cockroach.
The zap hits the giant cockroach.
You kill the giant cockroach!
There is an open door here.
There is an open door here.
The ogre shouts!
The zap hits the ogre.
The ogre is lightly wounded.
The zap hits the ogre.
The ogre is moderately wounded.
The zap hits the ogre.
The ogre is heavily wounded.
The zap hits the ogre.
The ogre is heavily wounded.
You aren't carrying any items that you can evoke.
As you read the scroll labelled WEUQ PAUTE, it crumbles to dust.
The creatures around you are filled with an inner flame!
It was a scroll of immolation.
Casting: Shock (safe; 4% risk of failure)
Confirm with . or Enter, or press ? or * to list all spells.
The ogre is struck by an arc of lightning.
Flame seeps out of the ogre.
The ogre is heavily wounded.
You are struck by an arc of lightning.
The lightning grounds out.
The ogre is engulfed in blazing flames.
The ogre explodes!
The fiery explosion engulfs you!!
Ouch! That really hurt!
You die...

........O...#.#
#.##.#.####.#.#
#.##.#.# #.#.#
#.##.#.# #.#.#
##'##'#.# #.#.##
#.......# #....#
#§§§....# ###..#
#§○§....####....#
#§@§.......+....#
#........###....#
#....)...#...#..#
#........#.###..###
####.###...........
#.# ###.###.....
#.# #.# #.....
######.# #.# #....)
####...[..#
#.###.....


There were no monsters in sight!

Vanquished Creatures
  An ogre (D:4)
  A necrophage (D:4)
  An orc priest (D:3)
  2 adders (D:2)
  A worm (D:2)
  3 dart slugs (D:1)
  5 orcs (D:3)
  4 ball pythons
  A bat (D:1)
  An endoplasm (D:3)
  5 giant cockroaches
  7 goblins
  5 hobgoblins
  2 jackals (D:1)
  4 kobolds
  6 quokkas
  2 frilled lizards (D:1)
  8 rats
59 creatures vanquished.

Notes
Turn   | Place    | Note
-------+----------+-------------------------------------------
     0 | D:1      | freelancePsychic the Vine Stalker Air Elementalist began
                  | the quest for the Orb.
     0 | D:1      | Reached XP level 1. HP: 9/9 MP: 4/4
   180 | D:1      | Reached XP level 2. HP: 8/14 MP: 1/6
   866 | D:1      | Reached XP level 3. HP: 17/17 MP: 4/7
  1071 | D:1      | Reached skill level 1 in Fighting
  1305 | D:1      | Learned a level 2 spell: Static Discharge
  2065 | D:2      | Gained mutation: Your natural rate of healing is unusually
                  | fast. [Vine Stalker growth]
  2065 | D:2      | Reached XP level 4. HP: 22/22 MP: 4/8
  2374 | D:3      | Found Raopraaf's Weapon Shoppe.
  2604 | D:3      | Found Plog's Weapon Emporium.
  2936 | D:4      | Noticed an ogre
  3420 | D:3      | Found Moguus Lylarph's Antique Weapon Boutique.
  3467 | D:3      | Reached XP level 5. HP: 15/26 MP: 2/9
  3775 | D:4      | Noticed an ogre
  3822 | D:4      | Learned a level 4 spell: Airstrike
  3948 | D:4      | Killed an ogre
  3948 | D:4      | Killed by an exploding ogre... ignited by their inner flame

Illustrated notes

Levels and vault maps discovered:
D:1:      dreamdust_arrival_beginning_and_end, layout_basic
D:2:      layout_basic
D:3:      layout_basic, serial_shops, shop, nicolae_shop_bloodbath_and_beyond,
          nicolae_shop_behind_doors
D:4:      layout_basic

Skill      XL: |  1  2  3  4  5 |
---------------+----------------+-----
Stealth        | 3 4 |  4.1
Fighting       | 1 2 |  2.0
Air Magic      | 4 |  4.3
Dodging        | |  1.5
Spellcasting   | |  2.6
Conjurations   | |  1.8

Action                   |  1- 3 |  4- 6 || total
-------------------------+-------+-------++-------
Melee: Whip              |    12 |       ||    12
       Bite              |     3 |     6 ||     9
       Unarmed           |     1 |       ||     1
       Dagger            |     7 |    16 ||    23
       Punch             |     1 |       ||     1
 Cast: Shock             |    81 |    51 ||   132
       Static Discharge  |     1 |     6 ||     7
  Use: Scroll            |     3 |     5 ||     8
 Stab: Sleeping          |     1 |     2 ||     3
Armor: Robe              |     8 |     2 ||    10
Dodge: Dodged            |    16 |     6 ||    22

Table legend: (Time is in decaauts)
 A = Elapsed time spent in this place.
 B = Non-inter-level travel time spent in this place.
 C = Inter-level travel time spent in this place.
 D = Time resting spent in this place.
 E = Time spent auto-exploring this place.
 F = Levels seen in this place.
 G = Mean time per level.
                   A        B        C        D        E       F      G
               +--------+--------+--------+--------+--------+-----+--------+
         Total |   3946 |   3781 |    165 |      0 |   3350 |   4 |  986.5 |
       Dungeon |   3946 |   3781 |    165 |      0 |   3350 |   4 |  986.5 |
               +--------+--------+--------+--------+--------+-----+--------+

Top non-repeatable levels by time:
     D:1: 1330 daAuts
     D:3: 1178 daAuts
     D:2: 1086 daAuts
     D:4: 352 daAuts
